 Dungeon Crawl Stone Soup version 0.30-a0-475-g03497ec522 (console) character file.

Game seed: 2973629577922276529

5694 jejorda2 the Impaler (level 10, 0/120 HPs)
             Began as a Merfolk Berserker on Dec 21, 2022.
             Was an Elder of Trog.
             Slain by a white ugly thing (11 damage)
             ... on level 10 of the Dungeon.
             The game lasted 00:20:33 (8723 turns).

jejorda2 the Impaler (Merfolk Berserker)            Turns: 8723, Time: 00:20:34

Health: 0/120      AC:  6    Str: 17    XL:     10   Next: 76%
Magic:  10/10      EV: 16    Int:  6    God:    Trog [****..]
Gold:   730        SH:  0    Dex: 19    Spells: 9/9 levels left

rFire   + . .      SeeInvis .    a - +0 glaive
rCold   + + .      Faith    +    (shield currently unavailable)
rNeg    . . .      Spirit   .    v - +0 steam dragon scales
rPois   .          Reflect  .    (no helmet)
rElec   .          Harm     .    j - scarf {rC+ rF+}
rCorr   .          Rampage  .    (no gloves)
Will    .....                    C - +0 pair of boots
Stlth   ..........               m - amulet of faith
HPRegen 0.40/turn                t - ring of protection from fire
MPRegen 0.12/turn                A - ring of ice

@: berserking, very quick
A: (nimble swimmer 2), mertail
a: Renounce Religion, Berserk, Trog's Hand, Brothers in Arms


You were on level 10 of the Dungeon.
You worshipped Trog.
Trog was greatly pleased with you.
You visited 1 branch of the dungeon, and saw 10 of its levels.

You collected 730 gold pieces.

Inventory:

Hand Weapons
 a - a +0 glaive (weapon)
 b - a +5 vorpal spear
Missiles
 c - 91 stones
 i - a throwing net
 q - 4 poisoned darts
 z - 7 boomerangs
Armour
 j - a scarf of resistance (worn)
 l - a +0 chain mail
 u - a +0 plate armour
 v - +0 steam dragon scales (worn)
 C - a +0 pair of boots (worn)
Jewellery
 m - an amulet of faith (around neck)
 t - a ring of protection from fire (left hand)
 A - a ring of ice (right hand)
Wands
 e - a wand of mindburst (13) (quivered)
 k - a wand of roots (17)
 x - a wand of charming (3)
Scrolls
 d - a scroll of teleportation
 h - a scroll of poison
 w - 2 scrolls of enchant weapon
Potions
 f - 2 potions of heal wounds
 g - a potion of curing
 n - 2 potions of lignification
 o - 3 potions of flight {unknown}
 p - 2 potions of invisibility {unknown}
 r - a potion of resistance {unknown}
 s - a potion of brilliance {unknown}
 B - a potion of berserk rage {unknown}
 D - a potion of might {unknown}
 E - 2 potions of mutation {unknown}


   Skills:
 + Level 7.7 Fighting
 * Level 15.9 Polearms
 + Level 3.5 Armour
 - Level 7.0 Dodging
 - Level 4.0 Evocations


You had 9 spell levels left.
You didn't know any spells.
Your spell library was empty.

Dungeon Overview and Level Annotations

Branches:
Dungeon (10/15)            Temple (0/1) D:7            Lair (0/5) D:10
    Orc: D:9-12

Altars:
Ashenzari
Dithmenos
Elyvilon
Fedhas
Hepliaklqana
Ru
Sif Muna
Trog
Uskayaw
Vehumet
Wu Jian
Xom
Yredelemnul
The Shining One

Shops:
D:1 (


Innate Abilities, Weirdness & Mutations

((You are very nimble when in or above water. (Stealth+, EV+, Speed+++)))
Your lower body shifts to a powerful aquatic tail in water.


Message History

You feel more attuned to ice.
A - a ring of ice (right hand)
You reach to attack!
You barely miss the white ugly thing. You slash the white ugly thing!
The white ugly thing is moderately wounded.
The white ugly thing barely misses you.
You slice the white ugly thing!!
The white ugly thing is heavily wounded.
The white ugly thing closely misses you.
You closely miss the white ugly thing.
The white ugly thing is heavily wounded.
The white ugly thing claws you! The white ugly thing freezes you. You resist.
You barely miss the white ugly thing.
The white ugly thing is heavily wounded.
The white ugly thing barely misses you.
You barely miss the white ugly thing.
The white ugly thing is heavily wounded.
The white ugly thing completely misses you.
You closely miss the white ugly thing.
The white ugly thing is heavily wounded.
The white ugly thing claws you. The white ugly thing freezes you. You resist.
You hit the white ugly thing.
The white ugly thing is heavily wounded.
You hit the white ugly thing.
The white ugly thing is heavily wounded.
The white ugly thing claws you! The white ugly thing freezes you! You resist.
You are too injured to fight recklessly!
You are too injured to fight recklessly!
A red film seems to cover your vision as you go berserk!
You feel yourself moving faster!
You feel mighty! The white ugly thing claws you!
* * * LOW HITPOINT WARNING * * *
The white ugly thing freezes you! You resist.
* * * LOW HITPOINT WARNING * * *
You slash the white ugly thing!
The white ugly thing is severely wounded.
The white ugly thing claws you!
* * * LOW HITPOINT WARNING * * *
The white ugly thing freezes you! You resist.
You die...

########################
........................
#...................#
..##..†..$.....#.......#
.......u@..........###..#
.....................)...
.....#+#####....########.
..##. #.#..# .#. . .
#....# .##. #
#...######.#.. #
#...#......#..
#.###...#......#.#
........'......#..


You could see a white ugly thing.

Vanquished Creatures
  A two-headed ogre (D:10)
  Joseph (D:7)
  A troll (D:9)
  10 yaks (D:9)
  A shadow (D:9)
  4 steam dragons
  A vampire mosquito (D:7)
  Menkaure (D:5)
  A water moccasin (D:6)
  3 orc warriors
  2 black bears (D:5)
  A sky beast (D:5)
  An ogre (D:3)
  A centaur (D:8)
  Blork the orc (D:4)
  2 bullfrogs
  A gnoll sergeant (D:9)
  A necrophage (D:6)
  4 wights (D:7)
  6 killer bees (D:9)
  2 gnoll boudas
  Terence (D:2)
  Ijyb (D:5)
  2 iguanas (D:6)
  5 orc wizards
  10 gnolls
  6 adders
  2 ufetubi
  A worm (D:2)
  2 dart slugs
  28 orcs
  5 bats
  8 endoplasms
  3 giant cockroaches
  9 goblins
  4 hobgoblins
  8 jackals
  3 quokkas
  11 ball pythons
  A frilled lizard (D:1)
  3 kobolds
  9 rats
168 creatures vanquished.

Notes
Turn   | Place    | Note
-------+----------+-------------------------------------------
     0 | D:1      | jejorda2 the Merfolk Berserker began the quest for the Orb.
     0 | D:1      | Reached XP level 1. HP: 18/18 MP: 1/1
    44 | D:1      | Reached XP level 2. HP: 11/24 MP: 2/2
   156 | D:1      | Found a faded altar of an unknown god.
   486 | D:1      | Reached XP level 3. HP: 29/29 MP: 3/3
   682 | D:1      | Reached ** piety under Trog
   708 | D:1      | Reached skill level 5 in Polearms
   718 | D:1      | Found Tuniothre's Weapon Shop.
  1153 | D:2      | Noticed Terence
  1166 | D:2      | Killed Terence
  1167 | D:2      | Reached XP level 4. HP: 29/37 MP: 4/4
  1829 | D:2      | Found a shimmering altar of Xom.
  2033 | D:3      | Noticed an ogre
  2047 | D:3      | Killed an ogre
  2048 | D:3      | Reached skill level 6 in Polearms
  2048 | D:3      | Reached XP level 5. HP: 43/43 MP: 5/5
  2180 | D:3      | Found a broken altar of Ashenzari.
  2637 | D:4      | Found a radiant altar of Vehumet.
  2653 | D:4      | Reached XP level 6. HP: 49/49 MP: 6/6
  2804 | D:4      | Noticed Blork the orc
  2810 | D:4      | Killed Blork the orc
  2811 | D:4      | Reached skill level 7 in Polearms
  2883 | D:4      | Found a shadowy altar of Dithmenos.
  2944 | D:4      | Reached *** piety under Trog
  3280 | D:4      | Reached skill level 5 in Dodging
  3504 | D:5      | Entered Level 5 of the Dungeon
  3507 | D:5      | Noticed Ijyb
  3514 | D:5      | Killed Ijyb
  3563 | D:5      | Noticed Menkaure
  3572 | D:5      | Killed Menkaure
  3573 | D:5      | Reached skill level 5 in Fighting
  3573 | D:5      | Reached XP level 7. HP: 19/56 MP: 7/7
  3718 | D:5      | Reached skill level 8 in Polearms
  4154 | D:5      | Found a bloodstained altar of Trog.
  4171 | D:5      | Reached skill level 9 in Polearms
  4171 | D:5      | Reached XP level 8. HP: 64/64 MP: 8/8
  5230 | D:7      | Reached skill level 10 in Polearms
  5287 | D:7      | Noticed Joseph
  5299 | D:7      | Killed Joseph
  5300 | D:7      | Reached skill level 11 in Polearms
  5307 | D:7      | Reached skill level 12 in Polearms
  5307 | D:7      | Reached XP level 9. HP: 4/64 MP: 9/9
  5551 | D:7      | Found a blossoming altar of Fedhas.
  5578 | D:7      | Found a staircase to the Ecumenical Temple.
  5849 | D:7      | Reached **** piety under Trog
  5988 | D:7      | Reached skill level 13 in Polearms
  6312 | D:7      | Found a sacrificial altar of Ru.
  6397 | D:7      | Found a hide-covered altar of Uskayaw.
  6416 | D:7      | Found a hazy altar of Hepliaklqana.
  6436 | D:7      | Found a glowing golden altar of the Shining One.
  6921 | D:8      | Found a white marble altar of Elyvilon.
  6946 | D:8      | Identified the +1 robe of the Slorg {MP+9 Slay+2}
  7120 | D:8      | Found a shimmering blue altar of Sif Muna.
  7172 | D:8      | Reached skill level 14 in Polearms
  7233 | D:8      | Found a basalt altar of Yredelemnul.
  7692 | D:9      | Reached skill level 1 in Evocations
  8100 | D:9      | Reached XP level 10. HP: 63/77 MP: 10/10
  8117 | D:9      | Reached skill level 15 in Polearms
  8286 | D:9      | Found an ornate altar of the Wu Jian Council.
  8630 | D:10     | Entered Level 10 of the Dungeon
  8643 | D:10     | Found a staircase to the Lair.
  8679 | D:10     | Noticed a two-headed ogre
  8684 | D:10     | Killed a two-headed ogre
  8709 | D:10     | Noticed a white ugly thing
  8723 | D:10     | Slain by a white ugly thing

Illustrated notes

Levels and vault maps discovered:
D:1:      wander_arrival_estate, layout_basic,
          shapermc_ecumenical_altar_notcrosses, serial_shops,
          nicolae_shop_behind_doors, grunt_decor_one_mirror
D:2:      layout_loops_corners, basic_altar, uniq_terence
D:3:      layout_basic, mainiacjoe_overflow_small_starburst,
          kennysheep_flooded_box
D:4:      layout_basic, kennysheep_mini_moat, nicolae_vehumet_radiance,
          uniq_blork_the_orc
D:5:      layout_basic, trog_ov_bears_minmay, uniq_ijyb, uniq_menkaure
D:6:      layout_gridville
D:7:      layout_basic, overflow_temple_1_default,
          nicolae_overflow_quartered_altars, minmay_temple_entry_trees,
          serial_co_window_serial, co_window_of_opportunity_a,
          co_window_cross_1, co_window_paths_a, co_window_paths_a,
          co_window_of_opportunity_a, co_window_corner_a, co_window_paths_b,
          co_window_paths_c, co_window_2corner, co_window_corner_cb,
          co_window_broadway_c, co_window_4corner_b, co_window_paths_d,
          minmay_microvault, uniq_joseph
D:8:      layout_loops_ring, elyvilon_altar_5, mainiacjoe_overflow_alcove_2,
          amcnicky_altar_gilded
D:9:      layout_loops_ring, marbit_many_paths
D:10:     nicolae_cairo_tiling_large, layout_stronghold, lemuel_doored_altar,
          dpeg_oklobed_lair, david_orc_5, minmay_crystal_room,
          kennysheep_generic_room_2

Skill      XL: |  1  2  3  4  5  6  7  8  9 10 |
---------------+-------------------------------+-----
Dodging        | 3 4 5 6 7 |  7.0
Polearms       | 5 6 7 9 12 14 15 | 15.9
Fighting       | 4 5 6 7 |  7.7
Evocations     | 2 4 |  4.0
Armour         | 2 3 |  3.5

Action                   |  1- 3 |  4- 6 |  7- 9 | 10-12 || total
-------------------------+-------+-------+-------+-------++-------
Melee: Spear             |   108 |   145 |       |       ||   253
       Punch             |       |     2 |       |       ||     2
       Halberd           |       |    41 |   202 |       ||   243
       Glaive            |       |       |    59 |    73 ||   132
Throw: Throwing net      |       |       |     1 |       ||     1
Invok: Berserk           |     2 |     4 |     7 |     3 ||    16
       Trog's Hand       |       |     2 |     2 |     1 ||     5
Evoke: Wand              |       |       |     1 |     4 ||     5
  Use: Scroll            |       |       |    15 |       ||    15
       Potion            |       |       |     3 |       ||     3
 Stab: Sleeping          |     1 |       |       |       ||     1
       Held in net/web   |       |       |     2 |       ||     2
Armor: Animal skin       |    11 |       |       |       ||    11
       Ring mail         |     2 |       |       |       ||     2
       Chain mail        |       |    53 |    76 |       ||   129
       Steam dragon scal |       |       |     2 |     6 ||     8
Dodge: Dodged            |    47 |    51 |    89 |    27 ||   214
Block: Kite shield       |       |     6 |       |       ||     6

Table legend: (Time is in decaauts)
 A = Elapsed time spent in this place.
 B = Non-inter-level travel time spent in this place.
 C = Inter-level travel time spent in this place.
 D = Time resting spent in this place.
 E = Time spent auto-exploring this place.
 F = Levels seen in this place.
 G = Mean time per level.
                   A        B        C        D        E       F      G
               +--------+--------+--------+--------+--------+-----+--------+
         Total |   8804 |   8494 |    310 |    493 |   6695 |  10 |  880.4 |
       Dungeon |   8804 |   8494 |    310 |    493 |   6695 |  10 |  880.4 |
               +--------+--------+--------+--------+--------+-----+--------+

Top non-repeatable levels by time:
     D:7: 1464 daAuts
     D:4: 1211 daAuts
     D:1: 1093 daAuts
     D:9: 1036 daAuts
     D:8: 996 daAuts
     D:2: 883 daAuts
     D:6: 833 daAuts
     D:5: 665 daAuts
     D:3: 528 daAuts
    D:10: 90 daAuts
